 Dungeon Crawl Stone Soup version 0.31-a0-246-g8cbcc1cb85 (webtiles) character file.

Game seed: 10417680215925148736

103 qw the Shooter (level 4, 0/36 HPs)
             Began as a Minotaur Hexslinger on July 12, 2023.
             Slain by a hobgoblin
             ... wielding a +0 rapier
              (3 damage)
             ... on level 3 of the Dungeon.
             The game lasted 00:00:54 (2009 turns).

qw the Shooter (Minotaur Hexslinger)                Turns: 2009, Time: 00:00:54

Health: 0/36       AC:  5    Str: 12    XL:     4   Next: 51%
Magic:  4/4        EV: 11    Int: 10    God:
Gold:   78         SH:  0    Dex: 15    Spells: 4/5 levels left

rFire   . . .        Y - +1 sling
rCold   . . .        (no shield)
rNeg    + . .        h - +0 ring mail
rPois   .            (helmet restricted)
rElec   .            (no cloak)
rCorr   .            (no gloves)
SInv    .            (no boots)
Will    .....        (no amulet) Stlth
                     c - ring of positive energy
HPRegen 0.26/turn    (no ring)
MPRegen 0.09/turn

%: no passive effects
@: confused
A: horns 2, retaliatory headbutt
a: no special abilities


You were on level 3 of the Dungeon.
You visited 1 branch of the dungeon, and saw 3 of its levels.

You collected 78 gold pieces.


Innate Abilities, Weirdness & Mutations

You have a pair of horns on your head.
You reflexively headbutt those who attack you in melee.


   Skills:
 - Level 2.0 Fighting
 + Level 4.5 Ranged Weapons
 - Level 2.2 Armour
 - Level 2.1 Dodging
 - Level 1.0 Spellcasting
 - Level 2.0 Hexes


You had 4 spell levels left.
You knew the following spells:

 Your Spells              Type           Power      Damage    Failure   Level
a - Slow                  Hex            16%        N/A       32%         1

Your spell library contained the following spells:

 Spells                   Type           Power      Damage    Failure   Level
 Inner Flame              Hex/Fire       2%         N/A       83%         3
 Portal Projectile        Hex/Tloc       4%         N/A       83%         3
 Cause Fear               Hex            2%         N/A       97%         4

Inventory:

Hand Weapons
 Y - a +1 sling (weapon)
Armour
 h - a +0 ring mail (worn)
Jewellery
 c - a ring of positive energy (left hand)
Scrolls
 f - a scroll of fog {unknown}
Potions
 a - a potion of mutation {unknown}
 b - a potion of heal wounds {unknown}
 d - a potion of haste {unknown}
 e - a potion of attraction {unknown}
 g - a potion of cancellation {unknown}
 k - a potion of curing {unknown}

Dungeon Overview and Level Annotations

Branches:
Dungeon (3/15)

Altars:
The Shining One

Annotations:
D:3 Ijyb


Message History

Ijyb zaps a wand.
Your will is overpowered!
You are confused.
Ijyb hits you with a +0 dagger.
Ijyb zaps a wand.
Your will is overpowered!
You are more confused.
Ijyb hits you with a +0 dagger. Ijyb closely misses you.
Ijyb hits you with a +0 dagger. Ijyb hits you with a +0 dagger.
Ijyb zaps a wand.
Your will is overpowered!
You are more confused.
Ijyb misses you. Ijyb hits you with a +0 dagger. Ijyb closely misses you.
Ijyb screams, "Me very upset!"
Ijyb zaps a wand.
Your will is overpowered!
You are more confused.
Ijyb barely misses you. Ijyb completely misses you.
Ijyb zaps a wand.
You resist with some effort. Ijyb misses you. Ijyb closely misses you.
A hobgoblin comes into view. It is wielding a +0 rapier.
Ijyb hits you with a +0 dagger. Ijyb hits you but does no damage.
Ijyb hits you with a +0 dagger.
Ijyb zaps a wand.
You resist with some effort.
Ijyb zaps a wand.
Your will is overpowered!
You are more confused.
Ijyb hits you with a +0 dagger. Ijyb hits you but does no damage.
The hobgoblin hits you with a +0 rapier.
Ijyb misses you. The hobgoblin barely misses you.
Ijyb zaps a wand.
Your will is overpowered!
You are more confused.
The hobgoblin barely misses you. Ijyb barely misses you.
Ijyb hits you with a +0 dagger.
The hobgoblin hits you with a +0 rapier.
The hobgoblin hits you with a +0 rapier.
You die...

#############
#..?........######
#.#.######........
#.#.# ##.......
#.#.# ########
#@#># ########
#.gg.# ........
#.#.#.# ########
...#.#..# # ...
....... # #... #.#
.##. # #.# #.# . .
# #! ... ## # #


You could see Ijyb and a hobgoblin.

Vanquished Creatures
  Jessica (D:2)
  3 adders
  2 worms (D:2)
  2 dart slugs (D:2)
  An orc (D:2)
  4 ball pythons
  4 endoplasms
  A giant cockroach (D:1)
  3 hobgoblins
  A quokka (D:2)
  5 bats
  4 frilled lizards
  2 goblins
  4 kobolds
  4 rats
41 creatures vanquished.

Notes
Turn   | Place    | Note
-------+----------+-------------------------------------------
     0 | D:1      | qw the Minotaur Hexslinger began the quest for the Orb.
     0 | D:1      | Reached XP level 1. HP: 16/16 MP: 1/1
     0 | D:1      | 0 ||| qw: Version: 0.3-a-52-g30416fa
     0 | D:1      | 0 ||| qw: Game counter: 6405
     0 | D:1      | 0 ||| qw: Melee chars always use a shield: true
     0 | D:1      | 0 ||| qw: God list: Okawaru
     0 | D:1      | 0 ||| qw: Allow faded altars: false
     0 | D:1      | 0 ||| qw: Do Orc after clearing Dungeon:15 true
     0 | D:1      | 0 ||| qw: Do second Lair branch before Depths: true
     0 | D:1      | 0 ||| qw: Lair rune preference: random
     0 | D:1      | 0 ||| qw: Goals: Normal
     0 | D:1      | 0 ||| PLANNING D:1-11
   128 | D:1      | You fall into a shaft and drop 1 floor!
   182 | D:2      | Reached skill level 3 in Ranged Weapons
   211 | D:2      | Reached XP level 2. HP: 23/23 MP: 2/2
   397 | D:2      | 397 ||| UPGRADING to +0 ring mail.
   407 | D:2      | 407 ||| DROPPING +0 robe.
   411 | D:2      | 411 ||| DROPPING +6 ring of intelligence.
   412 | D:2      | 412 ||| READING scroll labelled BOIWOM JIUHOB.
   413 | D:2      | 413 ||| READING scroll labelled QUDIEG INIXZO.
   456 | D:2      | 456 ||| DRINKING 2 bubbling amethyst potions.
   457 | D:2      | 457 ||| DROPPING scroll of poison.
   458 | D:2      | 458 ||| DROPPING potion of brilliance.
   721 | D:2      | Found a glowing golden altar of the Shining One.
   742 | D:2      | Reached XP level 3. HP: 28/29 MP: 3/3
   943 | D:1      | Reached skill level 4 in Ranged Weapons
  1333 | D:1      | 1333 ||| READING scroll labelled ARGHOMPUTT.
  1448 | D:2      | Noticed Jessica
  1454 | D:2      | 1454 ||| FLEEEEING.
  1455 | D:2      | 1455 ||| FLEEEEING.
  1456 | D:2      | 1456 ||| FLEEEEING.
  1461 | D:2      | 1461 ||| FLEEEEING.
  1464 | D:2      | Killed Jessica
  1465 | D:2      | Reached XP level 4. HP: 30/36 MP: 4/4
  1468 | D:2      | 1468 ||| STAIRDANCE
  1486 | D:1      | 1486 ||| READING scroll labelled DUWUOF LEIVVERI.
  1677 | D:2      | 1677 ||| UPGRADING to ring of positive energy.
  1955 | D:3      | Noticed Ijyb
  2003 | D:3      | HP: 8/36 [Ijyb/+0 dagger (3)]
  2008 | D:3      | HP: 4/36 [Ijyb/+0 dagger (2)]
  2009 | D:3      | Slain by a hobgoblin

Levels and vault maps discovered:
D:1:      dpeg_arrival_yet_another_circle, layout_loops_ring, minivault_14
D:2:      layout_rooms, serial_co_window_serial, co_window_corner_a,
          co_window_corner_a, co_window_paths_a, co_window_corner_a,
          co_window_paths_a, co_window_corner_a, co_window_corner_a,
          co_window_broadway_a, co_window_paths_c, co_window_corner_b,
          co_window_of_opportunity_b, co_window_corner_b, co_window_4corner_a,
          glass_columns_b, basic_altar, uniq_jessica
D:3:      layout_loops_ring, uniq_natasha, uniq_ijyb

Skill      XL: |  1  2  3 |
---------------+----------+-----
Ranged Weapons | 3 4 |  4.5
Fighting       | 2 |  2.0
Armour         | 2 |  2.2
Dodging        | |  2.1
Spellcasting   | |  1.0
Hexes          | |  2.0

Action                     |  1- 3 |  4- 6 || total
---------------------------+-------+-------++-------
   Fire: Sling             |    93 |    43 ||   136
    Use: Scroll            |     3 |     1 ||     4
         Potion            |     1 |       ||     1
 Armour: Ring mail         |     5 |    16 ||    21
         Robe              |     2 |       ||     2
  Dodge: Dodged            |    14 |    34 ||    48

Table legend:
 A = Non-vault XP
 B = Vault XP
 C = Vault XP percentage of total XP
 D = Non-vault monster count
 E = Vault monster count
 F = Vault count percentage of total count
                 A         B        C        D         E       F
            +---------+---------+-------+---------+---------+-------
      Total |     111 |      37 |  25.0 |      40 |       1 |   2.4
            +---------+---------+-------+---------+---------+-------
        D:1 |      25 |       0 |   0.0 |      15 |       0 |   0.0
        D:2 |      50 |      37 |  42.5 |      17 |       1 |   5.6
        D:3 |      36 |       0 |   0.0 |       8 |       0 |   0.0
            +---------+---------+-------+---------+---------+-------
